 Dungeon Crawl Stone Soup version 0.20.1-1-g8b1a95d (webtiles) character file.

2672 Zedayar the Grappler (level 9, -1/76 HPs)
             Began as a Troll Berserker on Aug 29, 2017.
             Was an Elder of Trog.
             Slain by a killer bee (4 damage)
             ... on level 7 of the Dungeon on Aug 30, 2017.
             The game lasted 00:29:25 (6182 turns).

Zedayar the Grappler (Troll Berserker)              Turns: 6182, Time: 00:29:26

Health: -1/76      AC:  6    Str: 30    XL:     9   Next: 37%
Magic:  8/8        EV: 12    Int:  3    God:    Trog [****..]
Gold:   385        SH:  0    Dex:  9    Spells: 8/8 levels left

rFire    . . .     SeeInvis .     - Unarmed
rCold    . . .     Gourm    +   (no shield)
rNeg     + . .     Faith    .   m - +1 robe of Omoiza {rPois Stlth+} (curse)
rPois    +         Spirit   .   (helmet restricted)
rElec    .         Reflect  .   y - scarf {cloud immunity}
rCorr    .         Harm     .   (gloves unavailable)
MR       .....                  (boots unavailable)
Stlth    +++.......             o - amulet of magic regeneration
Regen    0.7/turn               z - ring of positive energy
MPRegen  0.2/turn               (no ring)

@: lethally poisoned (-1 -> -3), berserk cooldown, slowed, very slow
A: unfitting armour, antennae 1, claws 3, fast metabolism 3, frail 1, gourmand,
regeneration 1, shaggy fur 1, tough skin 2, wild magic 1
a: Berserk, Trog's Hand, Brothers in Arms, Burn Spellbooks, Renounce Religion


You were on level 7 of the Dungeon.
You worshipped Trog.
Trog was greatly pleased with you.
You were not hungry.

You visited 1 branch of the dungeon, and saw 7 of its levels.

You collected 385 gold pieces.

Inventory:

Armour
 a - a +1 animal skin
 m - the cursed +1 robe of Omoiza (worn) {rPois Stlth+}
   (You found it on level 7 of the Dungeon)

   It protects you from poison.
   It makes you more stealthy.
   It has a curse placed upon it.
 r - a +2 robe of magic resistance
 y - a scarf of cloud immunity (worn)
Jewellery
 o - an amulet of magic regeneration (around neck)
 w - an uncursed amulet of rage
 z - a ring of positive energy (left claw)
Wands
 s - a wand of polymorph (0/24)
 t - a wand of flame (10/48)
 x - a wand of iceblast (4/15)
 B - a wand of polymorph (17/24)
Scrolls
 c - 2 scrolls of enchant weapon
 d - a scroll of magic mapping
 e - a scroll of enchant armour
 f - 2 scrolls of amnesia
 i - 2 scrolls of remove curse
 k - a scroll of fear {unknown}
 l - 3 scrolls of immolation
 n - 3 scrolls of identify
 q - a scroll of recharging
 A - 4 scrolls of teleportation
Potions
 h - a potion of berserk rage {unknown}
 u - 3 potions of lignification
 v - 6 potions of curing
 C - 3 potions of haste
Comestibles
 b - 2 bread rations
 j - a meat ration
 D - a fruit


   Skills:
 + Level 4.4 Fighting
 + Level 5.9 Dodging
 + Level 1.8 Stealth
 + Level 10.0 Unarmed Combat


You had 8 spell levels left.
You didn't know any spells.

Dungeon Overview and Level Annotations

Branches:
Dungeon (7/15)             Temple (0/1) D:4

Altars:
Dithmenos
Fedhas
Qazlal
Ru
Uskayaw
Zin

Shops:
D:4 }


Innate Abilities, Weirdness & Mutations

You are too large for most types of armour.
You have claws for hands.
Your metabolism is lightning-fast.
You like to eat raw meat.
Your natural rate of healing is unusually fast.
You are covered in fur. (AC +1)
You have very tough skin. (AC +2)
You have a pair of small antennae on your head.
You are frail. (-10% HP)
Your spells are a little harder to cast, but a little more powerful.


Message History

The killer bee poisons you! The killer bee stings you.
* * * LOW HITPOINT WARNING * * *
The killer bee stings you!
* * * LOW HITPOINT WARNING * * *
The kobold misses you.
The killer bee stings you but does no damage.
The kobold hits you but does no damage. The kobold closely misses you.
The big kobold closely misses you. The killer bee stings you.
* * * LOW HITPOINT WARNING * * *
The kobold hits you but does no damage. The killer bee closely misses you.
The kobold hits you.
* * * LOW HITPOINT WARNING * * *
You feel sick. The killer bee misses you.
The big kobold hits you but does no damage.
A sky beast appears from thin air!
Reactivating autopickup.
The killer bee stings you.
* * * LOW HITPOINT WARNING * * *
The killer bee stings you.
You die...

..........# .#........#
..........#+###
.#............#
..............#
..............#
..............########+##
.#'#####................#
.#.....#.......y@KY.....#
.#.....#......yyKK§.....#
.#.....#.......(KS......#
.#######.........y......#
####...#....##+##'#######
.......#....# ...
.......#....# ....
.......#....# ......
####'###....####..##..


You could see a sky beast, a big kobold, 4 killer bees, an adder and 3 kobolds.

Vanquished Creatures
  The ghost of dxctxrx the Magician, a novice DrWz (D:4)
  Sigmund (D:2)
  A vampire mosquito (D:7)
  2 ice beasts
  3 phantoms
  A necrophage (D:6)
  2 orc warriors
  An ogre (D:3)
  A sky beast (D:5)
  3 centaurs
  2 bullfrogs
  2 scorpions
  A killer bee (D:7)
  An orc priest (D:3)
  2 jellies
  2 hounds
  2 orc wizards
  Jessica (D:3)
  2 iguanas (D:5)
  5 worker ants
  Ijyb (D:3)
  2 worker ant zombies (D:5)
  10 adders
  3 gnolls (D:3)
  An ooze (D:3)
  2 worms (D:3)
  3 dart slugs
  2 leopard geckos (D:1)
  10 orcs
  4 ball pythons
  5 giant cockroaches
  15 goblins
  4 hobgoblins
  9 jackals
  13 kobolds
  3 quokkas
  5 bats
  5 frilled lizards
  2 quokka skeletons
  7 rats
142 creatures vanquished.

Vanquished Creatures (others)
  A worker ant (D:4)
1 creature vanquished.

Grand Total: 143 creatures vanquished

Notes
Turn   | Place    | Note
-------+----------+-------------------------------------------
     0 | D:1      | Zedayar the Troll Berserker began the quest for the Orb.
     0 | D:1      | Reached XP level 1. HP: 22/22 MP: 0/0
     6 | D:1      | Noticed a hog
     6 | D:1      | Noticed a swamp drake
     7 | D:1      | Noticed a black mamba
   141 | D:1      | Reached XP level 2. HP: 29/29 MP: 1/1
   428 | D:1      | Reached ** piety under Trog
   568 | D:1      | Reached XP level 3. HP: 36/36 MP: 2/2
   931 | D:2      | Noticed Sigmund
   967 | D:2      | Killed Sigmund
   967 | D:2      | Reached skill level 4 in Unarmed Combat
   967 | D:2      | Reached XP level 4. HP: 34/45 MP: 3/3
   967 | D:2      | Reached XP level 5. HP: 40/53 MP: 4/4
  1368 | D:2      | Found a sacrificial altar of Ru.
  1368 | D:2      | Found a hide-covered altar of Uskayaw.
  1541 | D:3      | Reached XP level 6. HP: 32/61 MP: 5/5
  1599 | D:3      | Reached skill level 5 in Unarmed Combat
  1895 | D:3      | Found a shadowy altar of Dithmenos.
  1953 | D:3      | Noticed Jessica
  1955 | D:3      | Killed Jessica
  2149 | D:3      | Reached *** piety under Trog
  2542 | D:3      | Noticed Ijyb
  2554 | D:3      | Killed Ijyb
  2554 | D:3      | Reached XP level 7. HP: 67/67 MP: 6/6
  2724 | D:4      | Found a blossoming altar of Fedhas.
  2769 | D:4      | Reached skill level 6 in Unarmed Combat
  2781 | D:4      | Noticed dxctxrx's ghost (novice DrWz)
  2793 | D:4      | Killed dxctxrx's ghost
  2793 | D:4      | Reached skill level 7 in Unarmed Combat
  3103 | D:4      | Found Hafesal's Gadget Shoppe.
  3329 | D:4      | Found a staircase to the Ecumenical Temple.
  3719 | D:5      | Entered Level 5 of the Dungeon
  3790 | D:5      | Reached XP level 8. HP: 48/78 MP: 7/7
  3834 | D:5      | Reached skill level 1 in Stealth
  3838 | D:5      | Reached skill level 5 in Dodging
  3907 | D:5      | Found a stormy altar of Qazlal.
  3991 | D:5      | Reached skill level 8 in Unarmed Combat
  4061 | D:5      | Paralysed by fainting for 7 turns
  4084 | D:5      | Paralysed by fainting for 6 turns
  4092 | D:5      | Paralysed by fainting for 6 turns
  4118 | D:5      | Gained mutation: You are resistant to electric shocks. (rElec) [mutagenic meat]
  4468 | D:6      | Found a glowing silver altar of Zin.
  4700 | D:6      | Reached skill level 9 in Unarmed Combat
  5011 | D:6      | Reached **** piety under Trog
  5107 | D:6      | Lost mutation: You are resistant to electric shocks. (rElec) [potion of mutation]
  5107 | D:6      | Gained mutation: You are frail. (-10% HP) [potion of mutation]
  5107 | D:6      | Gained mutation: You have a pair of small antennae on your head. [potion of mutation]
  5107 | D:6      | Gained mutation: Your spells are a little harder to cast, but a little more powerful. [potion of mutation]
  5338 | D:6      | Reached XP level 9. HP: 75/75 MP: 8/8
  5764 | D:7      | Got a brightly glowing robe
  5775 | D:7      | Identified the cursed +1 robe of Omoiza {rPois Stlth+} (You found it on level 7 of the Dungeon)
  5957 | D:7      | Reached skill level 10 in Unarmed Combat
  6182 | D:7      | HP: 3/76 [killer bee (1)]
  6182 | D:7      | Slain by a killer bee

Skill      XL: |  1  2  3  4  5  6  7  8  9 |
---------------+----------------------------+-----
Fighting       | 3 4 |  4.4
Dodging        | 3 4 5 |  5.9
Unarmed Combat | 4 5 7 9 10 | 10.0
Stealth        | 1 |  1.8

Action                   |  1- 3 |  4- 6 |  7- 9 || total
-------------------------+-------+-------+-------++-------
Melee: Unarmed           |    98 |   135 |   196 ||   429
       Punch             |       |     1 |     2 ||     3
Invok: Trog's Hand       |       |     1 |       ||     1
       Berserk           |       |       |     3 ||     3
       Burn Spellbooks   |       |       |     1 ||     1
  Use: Scroll            |       |       |    12 ||    12
       Potion            |       |       |     8 ||     8
  Eat: Chunk             |     9 |    20 |    12 ||    41
       Bread ration      |       |       |     3 ||     3
       Royal jelly       |       |       |     2 ||     2
Armor: Animal skin       |    37 |       |       ||    37
       Robe              |       |    71 |   100 ||   171
Dodge: Dodged            |    51 |   106 |   125 ||   282
